 Dungeon Crawl Stone Soup version 0.23.2-40-g277498a001 (webtiles) character file.

Game seed: 4089182848188628508

73 Curus the Poker (level 4, 0/35 HPs)
             Began as a Merfolk Abyssal Knight on Oct 21, 2019.
             Was a Believer of Lugonu.
             Succumbed to an orc's poison
             ... on level 2 of the Dungeon.
             The game lasted 00:07:38 (1744 turns).

Curus the Poker (Merfolk Abyssal Knight)            Turns: 1744, Time: 00:07:38

Health: 0/35       AC:  3    Str: 11 (12) XL:     4   Next: 27%
Magic:  6/6        EV: 12    Int:  8      God:    Lugonu [**....]
Gold:   56         SH:  0    Dex: 13 (14) Spells: 3/3 levels left

rFire    . . .     SeeInvis .   a - +1 spear
rCold    . . .     Gourm    .   (no shield)
rNeg     . . .     Faith    .   b - +0 leather armour
rPois    .         Spirit   .   (no helmet)
rElec    .         Reflect  .   (no cloak)
rCorr    .         Harm     .   (no gloves)
MR       .....                  (no boots)
Stlth    +.........             (no amulet)
HPRegen  0.11/turn              e - ring of wizardry
MPRegen  0.10/turn              f - -3 ring of intelligence (curse)

@: lethally poisoned (0 -> -6)
A: change form in water, swift swim, stealthy swim
a: Depart the Abyss, Bend Space, Renounce Religion


You were on level 2 of the Dungeon.
You worshipped Lugonu.
Lugonu was pleased with you.
You were not hungry.

You visited 1 branch of the dungeon, and saw 3 of its levels.
You visited the Abyss 1 time.

You collected 56 gold pieces.

Inventory:

Hand Weapons
 a - a +1 spear (weapon)
Armour
 b - a +0 leather armour (worn)
Jewellery
 e - a ring of wizardry (left hand)
 f - a cursed -3 ring of intelligence (right hand)
 g - an uncursed ring of wizardry
Scrolls
 d - a scroll of identify
Comestibles
 c - 7 rations


   Skills:
 - Level 3.2 Fighting
 + Level 5.0 Polearms
 - Level 0.6 Armour
 - Level 2.6 Dodging
 + Level 3.6 Invocations


You had 3 spell levels left.
You didn't know any spells.
Your spell library was empty.

Dungeon Overview and Level Annotations

Branches:
Dungeon (3/15)

Altars:
Qazlal
Trog


Message History

The orc wizard hits you but does no damage.
You are electrocuted!
* * * LOW HITPOINT WARNING * * *
* * * LOW HITPOINT WARNING * * *
You feel sick.
The orc wizard hits you with a +0 dagger of electrocution.
* * * LOW HITPOINT WARNING * * *
You climb upwards.
* * * LOW HITPOINT WARNING * * *
You feel sick.
There is a stone staircase leading down here.
Okay, then.
Unknown command.
You aren't carrying any potions.
You hit the orc wizard.
The orc wizard is severely wounded.
The orc wizard hits you but does no damage.
You hit the orc wizard.
The orc wizard is almost dead.
You die...

#.#.###.# ####### #.# #.#.###.#
#...<.# #.# #>...†..# #.....#
#.# ####.#### #.....# #.###
####### #.....# #...# ###.))###
#.....#######.# ##.......##
#.#........##.# #)..._...)#
##o#...####.##.# #.........##
#..@...####.##.# ....###....#
#..##..#.......#
...##y##...###..##..#.##.####
....###....#..........##.#
...........###........)..######
#.........####.#####.####.....#
##.......##.##.#####.#
#.....###
#####.####..##....##.#
#........
...##.####.###.#...#.#
#.....###


You could see an orc wizard.

Vanquished Creatures
  2 adders (D:2)
  2 worms (D:2)
  2 dart slugs
  2 leopard geckos (D:2)
  2 orcs (D:3)
  A giant cockroach (D:1)
  6 goblins
  A hobgoblin (D:1)
  3 kobolds
  2 ball pythons (D:1)
  5 bats
  4 frilled lizards
  13 rats
45 creatures vanquished.

Notes
Turn   | Place    | Note
-------+----------+-------------------------------------------
     0 | Abyss:1  | Curus the Merfolk Abyssal Knight began the quest for the
                  | Orb.
     0 | Abyss:1  | Reached XP level 1. HP: 18/18 MP: 2/2
    69 | D:1      | Escaped the Abyss
   170 | D:1      | Reached XP level 2. HP: 16/24 MP: 3/3
   293 | D:1      | Reached ** piety under Lugonu
   301 | D:1      | Reached skill level 4 in Polearms
   520 | D:1      | Reached XP level 3. HP: 9/29 MP: 5/5
   908 | D:2      | Found a stormy altar of Qazlal.
  1146 | D:2      | Reached XP level 4. HP: 23/35 MP: 6/6
  1195 | D:2      | Noticed a moth of wrath
  1198 | D:2      | Found a bloodstained altar of Trog.
  1731 | D:3      | Reached skill level 5 in Polearms
  1741 | D:3      | HP: 1/35 [orc wizard/+0 dagger of electrocution (1)]
  1744 | D:2      | Succumbed to an orc's poison

Skill      XL: |  1  2  3  4 |
---------------+-------------+-----
Polearms       | 4 5 |  5.0
Invocations    | 3 |  3.6
Fighting       | |  3.2
Armour         | |  0.6
Dodging        | |  2.6

Action                   |  1- 3 |  4- 6 || total
-------------------------+-------+-------++-------
Melee: Spear             |   117 |    50 ||   167
  Use: Scroll            |     5 |       ||     5
       Potion            |     1 |       ||     1
 Stab: Sleeping          |     1 |       ||     1
       Distracted        |       |     1 ||     1
  Eat: Chunk             |     1 |     2 ||     3
Armor: Leather armour    |    10 |     4 ||    14
Dodge: Dodged            |    61 |    18 ||    79
